Match 26955766
Unlisted

Match 26955766
End
Selects Italian Combined Arms Battlegroup
Selects Bersaglieri Squad
Bersaglieri Squad
Panzergrenadier Squad
Bersaglieri Squad
Bersaglieri Squad
Selects Bersaglieri Bolster
Selects Bersaglieri Bolster
Construct Light Support Kompanie
2.5-tonne Medical Truck
Selects Vehicle Support - Force Recon
Fire Support Elements
Panzerjäger Mechanized Group
2.5-tonne Medical Truck
MG34 Team
Selects Semovente da 75/18 Assault Gun
Semovente da 75/18 Assault Gun
le.IG 18 Mechanized Group
Panzerpioneer Squad
Advanced Field Repairs
Construct Panzerarmee Kommand
Selects Strafing Run
Selects Artillery Cover
Strafing Run
Pak 38 Mechanized Group
Walking Stuka Rocket Launcher
OLD BIRD
fhatirnaz
Chilli Maker9919
srubert83
TidaL
후암후암
0
0

Comments sign in to comment!

No comments posted yet!